 Dungeon Crawl Stone Soup version 0.18.1-2-ga659475 (webtiles) character file.

127 GreamJoe the Sneak (level 5, 0/36 HPs)
             Began as a Formicid Enchanter on May 9, 2016.
             Slain by a gnoll
             ... wielding a +0 flail
              (1 damage)
             ... on level 3 of the Dungeon.
             The game lasted 00:19:49 (3283 turns).

GreamJoe the Sneak (Formicid Enchanter)             Turns: 3283, Time: 00:19:50

Health: 0/36       AC:  7    Str: 12    XL:     5   Next: 33%
Magic:  8/8        EV: 13    Int: 20    God:
Gold:   123        SH:  0    Dex: 12    Spells: 3 memorised, 3 levels left

rFire  . . .     SeeInvis +     e - +2 dagger (speed)
rCold  . . .     Gourm    .     b - +1 robe
rNeg   . . .     Faith    .     (no shield)
rPois  +         Spirit   .     (helmet unavailable)
rElec  .         Dismiss  .     k - +0 cloak {MR+}
rCorr  .         Reflect  .     (no gloves)
SustAt .         Harm     .     l - +2 pair of boots
MR     +....                    (no amulet)
Stlth  +++.......               (no ring)
                                u - ring of poison resistance

@: brilliant, somewhat resistant to hostile enchantments, fairly stealthy
A: permanent stasis, dig shafts and tunnels, four strong arms, antennae 3
a: Dig, Shaft Self


You were on level 3 of the Dungeon.
You were full.

You visited 1 branch of the dungeon, and saw 3 of its levels.

You collected 123 gold pieces.

Inventory:

Hand Weapons
 a - a +1 dagger
 e - a +2 dagger of speed (weapon)
 p - a +0 hunting sling
Missiles
 g - 79 arrows
 r - 46 sling bullets
 s - 15 poisoned needles
 y - 3 large rocks
Armour
 b - a +1 robe (worn)
 h - a cursed +0 ring mail
 k - a +0 cloak of magic resistance (worn)
 l - a +2 pair of boots (worn)
 z - a +0 robe
Jewellery
 u - a ring of poison resistance (left hand)
Scrolls
 d - a scroll of immolation {unknown}
 m - a scroll of fog {unknown}
 q - 2 scrolls of identify {unknown}
 t - a scroll of remove curse {unknown}
 v - a scroll of magic mapping {unknown}
 x - 2 scrolls of teleportation {unknown}
Potions
 j - a potion of brilliance
 n - a potion of berserk rage {unknown}
 o - a potion of flight {unknown}
Books
 c - a book of Maledictions

   Spells                             Type                      Level
   a - Corona                         Hexes                        1
   b - Ensorcelled Hibernation        Hexes/Ice                    2
   c - Confuse                        Hexes                        3
   d - Tukima's Dance                 Hexes                        3
   e - Dazzling Spray                 Conjuration/Hexes            3
Comestibles
 w - a bread ration


   Skills:
 + Level 0.7 Fighting
 + Level 1.3 Short Blades
 + Level 3.0 Dodging
 + Level 5.2 Stealth
 + Level 2.5 Spellcasting
 + Level 4.0 Hexes
 + Level 0.2 Ice Magic


You had 3 spell levels left.
You knew the following spells:

 Your Spells              Type           Power        Failure   Level  Hunger
a - Corona                Hex            ####...      1%          1    None
b - Tukima's Dance        Hex            ####....     1%          3    ###....
c - Ensorcelled Hibernat  Hex/Ice        ###...       1%          2    ##.....


Dungeon Overview and Level Annotations

Branches:
Dungeon (3/15)

Altars:
Ru

Annotations:
D:3 bollicks1999's ghost, weakling OpAs


Innate Abilities, Weirdness & Mutations

You are under a permanent stasis effect.
You can dig through walls and to a lower floor.
Your four strong arms can wield two-handed weapons with a shield.
You have a pair of large antennae on your head (SInv).


Message History

The gnoll is moderately wounded.
The gnoll misses you.
You closely miss the gnoll.
The gnoll is moderately wounded.
You hit the gnoll.
The gnoll is moderately wounded.
The gnoll hits you with a flail!
You hit the gnoll.
The gnoll is heavily wounded.
You hit the gnoll.
The gnoll is severely wounded.
The gnoll hits you with a flail!
* * * LOW HITPOINT WARNING * * *
You hit the gnoll.
The gnoll is almost dead.
Drink which item? (? for menu, Esc to quit)
It was a potion of brilliance.
You feel clever all of a sudden. The gnoll hits you with a flail.
You die...

.#.# #)####).# #..#######.#
#...## ##...).....##.#...##
##.#########.##..#.# .#.#
#. #....# #.. #. ##.#.#
.#.# #.#....# ##.# #...).#
##.# ##.@..# ...#########
###g.##
†..........######...#####.#
########..................#
##### ###.######...#######
....# #.######..## ###.#
#.........#
#.#############.##
#....[..........#


You could see a gnoll.

Vanquished Creatures
  3 gnolls (D:3)
  3 adders
  An ooze (D:1)
  An adder skeleton (D:3)
  2 worms
  2 dart slugs
  A giant gecko (D:1)
  4 giant cockroaches
  7 goblins
  4 hobgoblins
  6 jackals
  6 kobolds
  A quokka (D:2)
  6 bats
  3 giant newts
  4 rats
54 creatures vanquished.

Notes
Turn   | Place    | Note
--------------------------------------------------------------
     0 | D:1      | GreamJoe the Formicid Enchanter began the quest for the Orb.
     0 | D:1      | Reached XP level 1. HP: 13/13 MP: 3/3
   300 | D:1      | Reached skill level 4 in Stealth
   300 | D:1      | Reached XP level 2. HP: 19/19 MP: 5/5
   775 | D:1      | Reached XP level 3. HP: 16/24 MP: 6/6
   795 | D:1      | Learned a level 3 spell: Tukima's Dance
  1257 | D:1      | Learned a level 2 spell: Ensorcelled Hibernation
  1833 | D:2      | Found a sacrificial altar of Ru.
  1935 | D:2      | Reached XP level 4. HP: 30/30 MP: 7/7
  2816 | D:3      | Noticed bollicks1999's ghost (weakling OpAs)
  3112 | D:3      | Reached XP level 5. HP: 36/36 MP: 8/8
  3197 | D:3      | Reached skill level 5 in Stealth
  3281 | D:3      | HP: 1/36 [gnoll/flail (11)]
  3283 | D:3      | Slain by a gnoll

Skill      XL: |  1  2  3  4  5 |
---------------+----------------+-----
Stealth        | 4 5 |  5.2
Dodging        | 2 3 |  3.0
Hexes          | 4 |  4.0
Fighting       | |  0.7
Short Blades   | |  1.3
Spellcasting   | |  2.5
Ice Magic      | |  0.2

Action                   |  1- 3 |  4- 6 || total
-------------------------+-------+-------++-------
Melee: Dagger            |   145 |   124 ||   269
 Cast: Corona            |     3 |       ||     3
       Tukima's Dance    |     1 |       ||     1
       Ensorcelled Hiber |     1 |       ||     1
  Use: Potion            |       |     2 ||     2
 Stab: Sleeping          |     4 |     5 ||     9
  Eat: Meat ration       |     1 |     1 ||     2
       Bread ration      |     1 |       ||     1
Armor: Robe              |    54 |    27 ||    81
Dodge: Dodged            |    90 |    65 ||   155
